 Dungeon Crawl Stone Soup version 0.30-a0-347-gf58ed5266c (webtiles) character file.

Game seed: 17999849003175032692

4331 Shayle the Insei (level 10, -6/73 HPs)
             Began as a Djinni Reaver on Nov 5, 2022.
             Was an Initiate of Ashenzari.
             Mangled by a komodo dragon (22 damage)
             ... on level 1 of the Lair of Beasts.
             The game lasted 00:33:00 (8924 turns).

Shayle the Insei (Djinni Reaver)                    Turns: 8924, Time: 00:33:00

Health: -6/73      AC: 16    Str: 11    XL:     10   Next: 59%
Gold:   1055       EV: 11    Int: 27    God:    Ashenzari [......] SH:  0 Dex: 17

rFire   + + .      SeeInvis .    t - +2 broad axe (venom)
rCold   x . .      Faith    .    (no shield)
rNeg    . . .      Spirit   .    L - +3 ring mail "Coar" {Will+ Int+4}
rPois   ∞          Reflect  .    m - +3 hat of Pondering {ponderous, Will+ MP+10 Int+5}
rElec   .          Harm     .    n - +1 cloak
rCorr   .          Rampage  .    d - +1 pair of gloves
Will    ++++.                    (boots unavailable)
Stlth   +++.......               b - amulet "Thunder Perfect Mind" {Regen+, Melee, Evo} (curse)
HPRegen 1.12/turn                q - ring of Nimufayr {Will+ Dex+4}
MPRegen 0.00/turn                B - ring of wizardry

@: flying, slow
A: sickness immunity, fire resistance 2, cold vulnerability 1, float, innate
caster, HP casting, extra vitality 1
a: Renounce Religion, Curse Item, Shatter the Chains


You were on level 1 of the Lair of Beasts.
You worshipped Ashenzari.
Ashenzari was noncommittal.
You visited 3 branches of the dungeon, and saw 11 of its levels.
You also visited: Bailey.

You collected 1055 gold pieces.

Inventory:

Hand Weapons
 h - a +0 rapier
 o - a +2 spear of pain
 t - a +2 broad axe of venom (weapon)
 v - a +2 vampiric dagger
 G - a +2 vorpal flail
Missiles
 i - 5 curare-tipped darts (quivered)
 w - 3 throwing nets
 K - 8 atropa-tipped darts
Armour
 a - a +0 leather armour
 d - a +1 pair of gloves (worn)
 l - a +1 leather armour of willpower
 m - the +3 hat of Pondering (worn) {ponderous, Will+ MP+10 Int+5}
   (You found it on level 3 of the Dungeon)

   Int:       It affects your intelligence (+5).
   MP:        It affects your magic capacity (+10).
   Will:      It increases your willpower.
 n - a +1 cloak (worn)
 L - the +3 ring mail "Coar" (worn) {Will+ Int+4}
   (You found it in a bailey)

   Int:       It affects your intelligence (+4).
   Will:      It increases your willpower.
Jewellery
 b - the cursed amulet "Thunder Perfect Mind" (around neck) {Regen+, Melee, Evo}
   (You found it on level 1 of the Dungeon)

   [amulet of regeneration]

   Regen:     It increases your rate of health regeneration.
   It has a curse which improves the following skills: Melee Combat: Short
   Blades, Long Blades, Axes, Maces & Flails, Polearms, Staves and Unarmed
   Combat.
   Evocations: Evocations.
 q - a ring of Nimufayr (left hand) {Will+ Dex+4}
   (You took it off a hobgoblin on level 3 of the Dungeon)

   [ring of willpower]

   Dex:       It affects your dexterity (+4).
   Will:      It increases your willpower.
 B - a ring of wizardry (right hand)
 C - a +6 ring of dexterity
 D - a +4 ring of evasion
Wands
 f - a wand of flame (49)
 u - a wand of polymorph (8)
Scrolls
 c - a scroll of summoning
 e - 2 scrolls of poison
 j - 2 scrolls of vulnerability
 k - 6 scrolls of teleportation
 r - 2 scrolls of fear
Potions
 g - a potion of lignification
 p - a potion of curing
 s - 2 potions of might
 x - 2 potions of heal wounds
 H - 3 potions of mutation


   Skills:
 + Level 6.4 Fighting
 + Level 6.0 Armour
 - Level 2.1 Dodging
 + Level 5.4 Stealth
 + Level 6.9(7.4) Unarmed Combat
 + Level 5.2 Spellcasting
 + Level 5.0(5.4) Evocations


You had 4 spell levels left.
You knew the following spells:

 Your Spells              Type           Power      Damage    Failure   Level
a - Kiss of Death         Conj/Necr      100%       2d13      1%          1
b - Momentum Strike       Conj/Tloc      70%        3d9       1%          2
c - Hailstorm             Conj/Ice       35%        3d9       1%          3
d - Sandblast             Erth           70%        2d15      1%          1
e - Call Imp              Summ           35%        N/A       1%          2
f - Dazzling Flash        Conj/Hex       70%        N/A       1%          3
g - Ozocubu's Armour      Ice            35%        N/A       1%          3
Your spell library was empty.

Dungeon Overview and Level Annotations

Branches:
Dungeon (9/15)             Temple (1/1) D:4            Lair (1/5) D:8
 Bailey (visited)
    Orc: D:9-12

Altars:
Ashenzari
Cheibriados
Dithmenos
Elyvilon
Fedhas
Gozag
Makhleb
Nemelex Xobeh
Okawaru
Qazlal
Ru
Trog
Uskayaw
Wu Jian
Xom
Yredelemnul
Zin
The Shining One

Shops:
D:4 (   D:6 (   D:8 *

Annotations:
D:8 1 runed translucent door, ytrimaz's ghost, novice OgBe
D:9 Erolcha


Innate Abilities, Weirdness & Mutations

You are immune to sickness and miasma.
You are immune to poison.
Your flesh is very heat resistant. (rF++)
You are vulnerable to cold. (rC-)
You float through the air rather than walking.
You learn spells naturally, not from books.
Your magical power is your life essence.
You have superior vitality. (+4 MHP)


Message History

Your crimson imp blinks!
Casting: Call Imp (safe; 1% risk of failure)
Confirm with . or Enter, or press ? or * to list all spells.
A beastly little devil appears in a puff of flame.
Your crimson imp disappears in a puff of smoke!
The komodo dragon bites you!
Your crimson imp hits the komodo dragon but does no damage.
You slash the komodo dragon!
The komodo dragon is poisoned.
The komodo dragon is lightly wounded.
The komodo dragon bites you.
Your crimson imp hits the komodo dragon.
The komodo dragon closely misses you.
You barely miss the komodo dragon.
The komodo dragon is moderately wounded.
Your crimson imp hits the komodo dragon but does no damage.
The komodo dragon barely misses you.
Your crimson imp closely misses the komodo dragon.
The komodo dragon misses you.
You hit the komodo dragon.
The komodo dragon looks as sick as possible!
You punch the komodo dragon, but do no damage.
The komodo dragon is heavily wounded.
Your crimson imp closely misses the komodo dragon.
The komodo dragon closely misses you.
You barely miss the komodo dragon.
The komodo dragon is heavily wounded.
Your crimson imp closely misses the komodo dragon.
The komodo dragon bites you!!
Your crimson imp hits the komodo dragon but does no damage.
The komodo dragon bites you!
You barely miss the komodo dragon.
The komodo dragon is severely wounded.
Your crimson imp blinks!
The komodo dragon bites you!
* * * LOW HITPOINT WARNING * * *
You barely miss the komodo dragon.
You punch the komodo dragon, but do no damage.
The komodo dragon is almost dead.
The komodo dragon bites you!!
You die...

#...#.##
##.##.###
#..#...#
##..##. ##..#
##.# ## #.#
..###
##§#.....#
#@l.......
##.#....#.
####...#.####
...#....P####
..#.......#.
.##.......#
.#........#
.........#
..........


You could see a komodo dragon (very poisoned).

Vanquished Creatures
  A komodo dragon (Lair:1)
  A yak (Lair:1)
  A steam dragon (D:8)
  Duvessa (D:4)
  A water moccasin (Lair:1)
  3 orc warriors
  An ogre (D:6)
  2 ice beasts
  A phantom (D:4)
  6 kobold brigands (Bailey)
  4 bullfrogs
  A gnoll sergeant (D:5)
  3 scorpions (D:5)
  A howler monkey (D:7)
  A gnoll bouda (D:5)
  4 orc priests
  A hound (D:4)
  3 jellies
  Natasha (twice) (D:2)
  5 iguanas
  3 orc wizards
  Ijyb (D:4)
  18 gnolls
  10 adders
  A white imp (D:6)
  An ufetubus (D:6)
  3 worms
  2 dart slugs
  8 orcs
  2 endoplasms (D:1)
  2 giant cockroaches
  16 goblins
  6 hobgoblins
  3 jackals (D:4)
  20 kobolds
  A quokka (D:1)
  9 ball pythons
  6 bats
  4 frilled lizards
  2 rats (D:3)
161 creatures vanquished.

Vanquished Creatures (collateral kills)
  A two-headed ogre (D:5)
  A water moccasin (Lair:1)
  2 orc warriors (Bailey)
  A kobold brigand (Bailey)
  A bullfrog (D:6)
  A jelly (D:6)
  An orc wizard (D:4)
  A gnoll (D:5)
  A white imp (D:6)
  4 orcs (D:5)
14 creatures vanquished.

Vanquished Creatures (others)
  A black bear (D:6)
  Dowan (D:4)
  Jessica (D:2)
  Natasha (D:2)
  An adder (D:3)
  A fungus (D:8)
  12 plants
18 creatures vanquished.

Grand Total: 193 creatures vanquished

Notes
Turn   | Place    | Note
-------+----------+-------------------------------------------
     0 | D:1      | Shayle the Djinni Reaver began the quest for the Orb.
     0 | D:1      | Shayle set off with the following spells memorised: Kiss of
                  | Death, Momentum Strike, Hailstorm.
     0 | D:1      | Reached XP level 1. HP: 18/18 MP: 0/0
   112 | D:1      | Reached XP level 2. HP: 19/23 MP: 0/0
   528 | D:1      | Reached skill level 1 in Armour
   528 | D:1      | Reached XP level 3. HP: 10/29 MP: 0/0
   528 | D:1      | Learned a level 1 spell: Sandblast
   953 | D:2      | Noticed Jessica
  1137 | D:2      | Reached skill level 1 in Stealth
  1306 | D:2      | Killed Jessica
  1318 | D:2      | Noticed Natasha
  1330 | D:2      | Killed Natasha
  1331 | D:2      | Reached XP level 4. HP: 26/34 MP: 0/0
  1649 | D:2      | Found a glowing golden altar of the Shining One.
  1665 | D:2      | Noticed Natasha
  1683 | D:2      | Killed Natasha
  1918 | D:2      | Noticed Natasha
  1924 | D:2      | Killed Natasha
  2063 | D:3      | Found the +3 hat of Pondering {ponderous, Will+ MP+10
                  | Int+5}
  2291 | D:2      | Reached XP level 5. HP: 32/40 MP: 0/0
  2291 | D:2      | Learned a level 2 spell: Call Imp
  2848 | D:3      | Found a faded altar of an unknown god.
  2952 | D:3      | Identified a ring of Nimufayr {Will+ Dex+4}
  3071 | D:3      | Found a shadowy altar of Dithmenos.
  3430 | D:4      | Found Ninuanuith's Weapon Shoppe.
  3622 | D:4      | Found a hide-covered altar of Uskayaw.
  3634 | D:4      | Noticed Dowan
  3636 | D:4      | Noticed Duvessa
  3663 | D:4      | Killed Duvessa
  3664 | D:4      | Reached XP level 6. HP: 23/46 MP: 0/0
  3669 | D:4      | Killed Dowan
  3810 | D:4      | Found a staircase to the Ecumenical Temple.
  3818 | Temple   | Entered the Ecumenical Temple
  3928 | Temple   | Became a worshipper of Ashenzari the Shackled
  4195 | D:4      | Reached XP level 7. HP: 46/50 MP: 0/0
  4195 | D:4      | Learned a level 3 spell: Dazzling Flash
  4644 | D:4      | Noticed Ijyb
  4656 | D:4      | Killed Ijyb
  4851 | D:5      | Entered Level 5 of the Dungeon
  5412 | D:5      | Reached skill level 1 in Evocations
  5445 | D:5      | You are sucked into a shaft and drop 1 floor!
  5470 | D:6      | Reached XP level 8. HP: 36/58 MP: 0/0
  5605 | D:6      | Found a basalt altar of Yredelemnul.
  5958 | D:6      | Reached skill level 5 in Unarmed Combat
  6441 | D:6      | Found Caydiug's Weapon Boutique.
  6659 | D:5      | Reached XP level 9. HP: 64/64 MP: 0/0
  6659 | D:5      | Learned a level 3 spell: Ozocubu's Armour
  6841 | D:5      | Reached skill level 5 in Fighting
  6939 | D:5      | Noticed a two-headed ogre
  6958 | D:5      | Killed a two-headed ogre
  7058 | D:5      | Found a sparkling altar of Nemelex Xobeh.
  7243 | D:7      | Found a shimmering altar of Xom.
  7257 | D:7      | Reached skill level 5 in Armour
  7319 | D:7      | Found an ornate altar of the Wu Jian Council.
  7426 | D:8      | Found a runed translucent door.
  7429 | D:8      | Noticed ytrimaz's ghost (novice OgBe)
  7438 | D:8      | Identified the +5 trident "Sesuottu" {vamp, Str+3}
  7470 | D:8      | Found Coha's Lightly-Used Armoury.
  7518 | D:8      | Found a flagged portal.
  7527 | Bailey   | Entered a bailey
  7638 | Bailey   | Reached XP level 10. HP: 65/72 MP: 0/0
  7677 | Bailey   | Reached skill level 5 in Stealth
  7679 | Bailey   | Reached skill level 5 in Spellcasting
  7741 | Bailey   | Found a burning altar of Makhleb.
  7749 | Bailey   | Identified the +3 ring mail "Coar" {Will+ Int+4}
  8244 | D:8      | Found a staircase to the Lair.
  8244 | D:8      | Noticed an elephant
  8255 | D:9      | Noticed a two-headed ogre
  8260 | D:9      | Noticed Erolcha
  8435 | Lair:1   | Entered Level 1 of the Lair of Beasts
  8767 | Lair:1   | Noticed a komodo dragon
  8797 | Lair:1   | Killed a komodo dragon
  8876 | Lair:1   | Reached skill level 5 in Evocations
  8913 | Lair:1   | Noticed a komodo dragon
  8924 | Lair:1   | Mangled by a komodo dragon

Illustrated notes

Levels and vault maps discovered:
D:1:      dpeg_arrival_pond, layout_loops_ring, bh_walls_and_bars
D:2:      minmay_evil_eye, layout_basic, basic_altar, minmay_hexomino_p4,
          uniq_jessica, uniq_natasha
D:3:      layout_basic, marbit_many_paths, shapermc_ecumenical_altar_mp_vishouse
D:4:      kennysheep_goblin_castle, layout_basic, kennysheep_mini,
          minmay_temple_entry_water_ring, serial_shops,
          nicolae_shop_window_shopping, solitary_fountain, uniq_duvessa
D:5:      layout_basic, lemuel_coloured_pillars_altar,
          dreamdust_princess_corridor, minmay_misc_feat_room
D:6:      layout_basic, general_overflow_altar, serial_shops, shop
D:7:      layout_loops_cross, mainiacjoe_overflow_cross_hatched,
          lemuel_crystal_altar, ebering_ghost_inner_flame,
          hangedman_minor_gate_pass
D:8:      minmay_slanted_spiral_squares, layout_basic,
          worldfamousw_hep_ancestral_shrine, david_lair_generic,
          ebering_ghost_funeral_grove, enter_bailey_5, minmay_shop_damaged
D:9:      layout_irregular_city, uniq_erolcha, uniq_erica
Temple:   regret_index_temple_waves
Lair:1:   layout_misc_corridors, serial_bayou_shore_a, lemuel_fruit_tree

Skill      XL: |  1  2  3  4  5  6  7  8  9 10 |
---------------+-------------------------------+-----
Armour         | 1 2 3 4 5 6 |  6.0
Stealth        | 1 2 3 4 5 |  5.4
Fighting       | 3 4 5 6 |  6.4
Spellcasting   | 3 4 5 |  5.2
Unarmed Combat | 4 5 6 |  6.9
Evocations     | 1 2 4 5 |  5.0
Dodging        | |  2.1

Action                   |  1- 3 |  4- 6 |  7- 9 | 10-12 || total
-------------------------+-------+-------+-------+-------++-------
Melee: Unarmed           |    49 |       |       |       ||    49
       Rapier            |    34 |   148 |   229 |    26 ||   437
       Punch             |       |     8 |    11 |    11 ||    30
       Dagger            |       |       |       |    53 ||    53
       Broad axe         |       |       |       |    26 ||    26
Throw: Dart              |       |       |     1 |     1 ||     2
 Cast: Momentum Strike   |     2 |     9 |     3 |       ||    14
       Sandblast         |       |     5 |    41 |     6 ||    52
       Call Imp          |       |       |    11 |     7 ||    18
       Hailstorm         |       |       |    40 |     1 ||    41
       Dazzling Flash    |       |       |     5 |     6 ||    11
       Ozocubu's Armour  |       |       |     1 |       ||     1
Invok: Curse Item        |       |       |     1 |       ||     1
Evoke: Wand              |       |     9 |     3 |     2 ||    14
  Use: Potion            |       |     2 |     2 |     1 ||     5
       Scroll            |       |     3 |     5 |    15 ||    23
 Stab: Distracted        |     1 |       |     1 |       ||     2
       Sleeping          |     1 |     4 |     3 |     2 ||    10
       Invisible         |       |       |     5 |     2 ||     7
Armor: Leather armour    |    20 |    60 |   119 |    12 ||   211
       Skin              |       |    19 |       |       ||    19
       Ring mail         |       |       |       |    44 ||    44
Dodge: Dodged            |    40 |   102 |   208 |    89 ||   439

Table legend: (Time is in decaauts)
 A = Elapsed time spent in this place.
 B = Non-inter-level travel time spent in this place.
 C = Inter-level travel time spent in this place.
 D = Time resting spent in this place.
 E = Time spent auto-exploring this place.
 F = Levels seen in this place.
 G = Mean time per level.
                   A        B        C        D        E       F      G
               +--------+--------+--------+--------+--------+-----+--------+
         Total |   9526 |   9278 |    248 |   1289 |   5304 |  12 |  793.8 |
       Dungeon |   8581 |   8362 |    219 |   1106 |   4978 |   9 |  953.4 |
        Temple |    151 |    122 |     29 |      0 |     89 |   1 |  151.0 |
          Lair |    529 |    529 |      0 |    116 |    208 |   1 |  529.0 |
        Bailey |    264 |    264 |      0 |     67 |     28 |   1 |  264.0 |
               +--------+--------+--------+--------+--------+-----+--------+

Top non-repeatable levels by time:
     D:4: 1727 daAuts
     D:3: 1425 daAuts
     D:6: 1238 daAuts
     D:5: 1122 daAuts
     D:1: 1026 daAuts
     D:2: 1019 daAuts
     D:8: 665 daAuts
  Lair:1: 529 daAuts
  Bailey: 264 daAuts
     D:9: 185 daAuts
     D:7: 169 daAuts
  Temple: 151 daAuts
